 Dungeon Crawl Stone Soup version 0.27.1-33-g824d729ab1 (webtiles) character file.

Game seed: 2839531443983574377

1 graymark the Conjurer (level 1, -1/11 HPs)
             Began as an Octopode Conjurer on Dec 13, 2021.
             Slain by a jackal (3 damage)
             ... on level 1 of the Dungeon.
             The game lasted 00:01:26 (214 turns).

graymark the Conjurer (Octopode Conjurer)            Turns: 214, Time: 00:01:26

Health: -1/11      AC:  1    Str:  6    XL:     1   Next: 20%
Magic:  1/3        EV: 13    Int: 20    God:
Gold:   8          SH:  0    Dex: 10    Spells: 3/4 levels left

rFire    . . .     SeeInvis .   b - +0 short sword
rCold    . . .     Faith    .   (no shield)
rNeg     . . .     Spirit   .   (helmet restricted)
rPois    .         Reflect  .   (no amulet)
rElec    .         Harm     .   (no ring)
rCorr    .         Rampage  .   (no ring)
Will     .....                  (no ring)
Stlth    +++.......             (no ring)
HPRegen  0.03/turn              (no ring)
MPRegen  0.08/turn              (no ring)
                                (no ring)
                                (no ring)

@: no status effects
A: almost no armour, amphibious, 8 rings, camouflage 1, gelatinous body 1,
(nimble swimmer 1), tentacles
a: no special abilities


You were on level 1 of the Dungeon.
You visited 1 branch of the dungeon, and saw 1 of its levels.

You collected 8 gold pieces.

Inventory:

Hand Weapons
 b - a +0 short sword (weapon)
Scrolls
 c - a scroll of teleportation {unknown}
 d - a scroll of enchant weapon {unknown}
 e - a scroll of identify {unknown}
Potions
 a - a potion of heal wounds {unknown}


   Skills:
 + Level 2.0 Dodging
 + Level 2.7 Stealth
 * Level 2.0 Spellcasting
 + Level 4.0 Conjurations


You had 3 spell levels left.
You knew the following spells:

 Your Spells              Type           Power      Damage    Failure   Level
a - Magic Dart            Conj           72%        1d6       3%          1

Your spell library contained the following spells:

 Spells                   Type           Power      Damage    Failure   Level
 Searing Ray              Conj           36%        3d4       4%          2
 Dazzling Flash           Conj/Hex       20%        N/A       21%         3
 Fulminant Prism          Conj/Hex       5%         3d7       56%         4
 Iskenderun's Mystic Bla  Conj/Tloc      10%        2d4       56%         4


Dungeon Overview and Level Annotations

Branches:
Dungeon (1/15)

Altars:


Innate Abilities, Weirdness & Mutations

You cannot wear most types of armour.
You are amphibious.
You can wear up to eight rings at the same time.
Your skin changes colour to match your surroundings (Stealth+).
Your rubbery body absorbs attacks. (AC +1, EV +1)
((You are camouflaged near water. (Stealth+)))
You have tentacles for arms and can constrict up to eight enemies at once.


Message History

The jackal bites you.
Casting: Magic Dart (safe; 3% risk of failure)
Confirm with . or Enter, or press ? or * to list all spells.
Aiming: Magic Dart (safe; 3% risk of failure)
Press: ? - help, Shift-Dir - straight line, f - jackal
Aim: a jackal (100% to hit)
The magic dart hits the jackal.
The jackal is lightly wounded.
The jackal barely misses you. The jackal bites you.
Casting: Magic Dart (safe; 3% risk of failure)
Confirm with . or Enter, or press ? or * to list all spells.
Aiming: Magic Dart (safe; 3% risk of failure)
Press: ? - help, Shift-Dir - straight line, f/p - jackal
Aim: a jackal (lightly wounded, 100% to hit)
Okay, then.
Unknown command.
Casting: Magic Dart (safe; 3% risk of failure)
Confirm with . or Enter, or press ? or * to list all spells.
Aiming: Magic Dart (safe; 3% risk of failure)
Press: ? - help, Shift-Dir - straight line, f - jackal, p - jackal
Aim: a jackal (100% to hit)
The magic dart hits the jackal.
The jackal is severely wounded.
The jackal bites you.
Casting: Magic Dart (safe; 3% risk of failure)
Confirm with . or Enter, or press ? or * to list all spells.
Aiming: Magic Dart (safe; 3% risk of failure)
Press: ? - help, Shift-Dir - straight line, f/p - jackal
Aim: a jackal (100% to hit)
The magic dart hits the jackal.
The jackal is almost dead.
The jackal bites you.
* * * LOW HITPOINT WARNING * * *
Okay, then.
The jackal closely misses you.
The jackal bites you but does no damage.
The jackal closely misses you. The jackal misses you. The jackal bites you.
You die...

### #### ##### #.. ..# ...#
#.# #.# #..# ####.#
###.##### #..#######.##.#
#.h.h.B.# ##..#........#.#
#.#.###.#
......###......###h#.# #.#
##..#.# #.......@h...# #h#
##..#.# #.#.########## #h#
....#.....#.# #B##
###########.# #..# .##
##+## ##.# ..# ##...##
#######.# ..# ##.....##
#.......# ..## ##.......##
#.#.....#
..[####.........###.B..#.##


You could see 2 jackals.

Vanquished Creatures
  A kobold (D:1)
1 creature vanquished.

Notes
Turn   | Place    | Note
-------+----------+-------------------------------------------
     0 | D:1      | graymark the Octopode Conjurer began the quest for the Orb.
     0 | D:1      | Reached XP level 1. HP: 11/11 MP: 3/3
   214 | D:1      | Slain by a jackal

Illustrated notes

Levels and vault maps discovered:
D:1:      dpeg_arrival_concentric_ovals, layout_loops_corners

Action                   || total
-------------------------++-------
Melee: Short sword       ||     2
 Cast: Magic Dart        ||     3
 Stab: Sleeping          ||     1
Armor: Skin              ||     4
Dodge: Dodged            ||     9
